 Dungeon Crawl Stone Soup version 0.31-a0-521-gc7390f8997 (webtiles) character file.

Game seed: 9918932221865157697

32 Duck the Changeling (level 3, -3/16 HPs)
             Began as a Felid Shapeshifter on Aug 10, 2023.
             Slain by Sigmund
             ... wielding a +2 antimagic scythe
              (13 damage)
             ... on level 2 of the Dungeon.
             The game lasted 00:02:39 (951 turns).

Duck the Changeling (Felid Shapeshifter)             Turns: 951, Time: 00:02:39

Health: -3/16      AC:  1    Str: 13    XL:     3   Next: 8%
Magic:  0/4        EV: 18    Int:  9    God:
Gold:   85         SH:  0    Dex: 16    Spells: 2/2 levels left
                                        Lives:  0   Deaths: 0

rFire   . .          .
                       - Unarmed
rCold   . . .        (shield unavailable)
rNeg    . . .        (body armour unavailable)
rPois   .            (helmet unavailable)
rElec   .            (cloak unavailable)
rCorr   .            (gloves unavailable)
SInv    +            (boots unavailable)
Will    .....        (no amulet)
Stlth   +            (no ring)
HPRegen 0.22/turn    (no ring)
MPRegen 0.09/turn

%: no passive effects
@: beast-form, quick
A: beast (slay +2), very small, claws 1, fangs 3, see invisible, speed 1, shaggy
fur 1, stealthy paws, no weapons or thrown items, no armour, multi-lived
a: Begin Untransformation


You were on level 2 of the Dungeon.
You were a hulking beast.
You visited 1 branch of the dungeon, and saw 2 of its levels.

You collected 85 gold pieces.

Inventory:

Jewellery
 d - a +4 ring of slaying
Talismans
 b - a beast talisman (active)
 c - a flux talisman
Scrolls
 g - a scroll of immolation {unknown}
Potions
 a - a potion of lignification
 e - 2 potions of heal wounds {unknown}
 f - a potion of resistance {unknown}


   Skills:
 + Level 1.6 Fighting
 + Level 3.3 Dodging
 - Level 3.0 Unarmed Combat
 * Level 3.8 Shapeshifting


You had 2 spell levels left.
You didn't know any spells.
Your spell library was empty.

Dungeon Overview and Level Annotations

Branches:
Dungeon (2/15)

Altars:

Annotations:
D:2 Sigmund


Innate Abilities, Weirdness & Mutations

You are a hulking beast.
Your limbs bulge with bestial killing power. (Slay +2)
You have sharp claws.
You have razor-sharp teeth.
You have supernaturally acute eyesight. (SInv)
You cover ground quickly. (Speed+)
You are covered in fur. (AC +1)
Your paws help you pounce on unaware monsters.
You are incapable of wielding weapons or throwing items.
You cannot wear armour.
You gain extra lives every three experience levels.


Message History

Sigmund shouts!
Sigmund hits you with a +2 antimagic scythe.
You scratch Sigmund.
Sigmund is moderately wounded.
You barely miss Sigmund.
Sigmund is moderately wounded.
Sigmund mumbles some strange words.
Sigmund flickers and vanishes for a moment.
You scratch Sigmund but do no damage.
Sigmund is moderately wounded.
Sigmund completely misses you.
You closely miss Sigmund.
Sigmund is moderately wounded.
Sigmund hits you with a +2 antimagic scythe!
Ouch! That really hurt!
You feel your power leaking away.
You scratch Sigmund.
Sigmund is moderately wounded.
You scratch Sigmund.
Sigmund is heavily wounded.
Sigmund giggles. "Time to reap what you sow."
Sigmund completely misses you.
You closely miss Sigmund. You bite Sigmund.
Sigmund is heavily wounded.
Sigmund misses you.
You scratch Sigmund but do no damage. You bite Sigmund.
Sigmund is heavily wounded.
You scratch Sigmund.
Sigmund is severely wounded.
Sigmund barely misses you.
You closely miss Sigmund.
Sigmund is severely wounded.
You barely miss Sigmund.
Sigmund is severely wounded.
Sigmund closely misses you.
You scratch Sigmund.
Sigmund is almost dead.
Sigmund hits you with a +2 antimagic scythe!
Ouch! That really hurt!
You die...

.# #.# #.. #.#
#<# #.# #####.#
#.@h..# #.###.#
#.# #.# #.# #.#
#.# #.# #.# #.#
#.# #.# #.#
#.#########
#.###.........#


You could see Sigmund (invisible).

Vanquished Creatures
  An adder (D:2)
  3 ball pythons (D:1)
  4 bats
  2 endoplasms
  3 hobgoblins
  A kobold (D:1)
  A quokka (D:1)
  5 frilled lizards (D:1)
  3 goblins
23 creatures vanquished.

Notes
Turn   | Place    | Note
-------+----------+-------------------------------------------
     0 | D:1      | Duck the Felid Shapeshifter began the quest for the Orb.
     0 | D:1      | Reached XP level 1. HP: 9/9 MP: 2/2
    46 | D:1      | Found a faded altar of an unknown god.
   188 | D:1      | Reached XP level 2. HP: 11/12 MP: 3/3
   895 | D:2      | Reached XP level 3. HP: 16/16 MP: 4/4
   925 | D:2      | Noticed Sigmund
   951 | D:2      | Slain by Sigmund

Illustrated notes

Levels and vault maps discovered:
D:1:      lemuel_arrival_lava_pool, layout_basic, ebering_ecumenical_altar_box
D:2:      layout_loops_ring, uniq_crazy_yiuf_cottage, uniq_terence, uniq_sigmund

Skill      XL: |  1 |
---------------+----+-----
Dodging        | 3 |  3.3
Fighting       | |  1.6
Unarmed Combat | |  3.0
Shapeshifting  | |  3.8

Action                     || total
---------------------------++-------
  Melee: Unarmed           ||    60
         Bite              ||     6
 Armour: Skin              ||     2
  Dodge: Dodged            ||    39

Table legend: (Time is in decaauts)
 A = Elapsed time spent in this place.
 B = Non-inter-level travel time spent in this place.
 C = Inter-level travel time spent in this place.
 D = Time resting spent in this place.
 E = Time spent auto-exploring this place.
 F = Levels seen in this place.
 G = Mean time per level.
                   A        B        C        D        E       F      G
               +--------+--------+--------+--------+--------+-----+--------+
         Total |    812 |    801 |     11 |    158 |    472 |   2 |  406.0 |
       Dungeon |    812 |    801 |     11 |    158 |    472 |   2 |  406.0 |
               +--------+--------+--------+--------+--------+-----+--------+

Top non-repeatable levels by time:
     D:1: 700 daAuts
     D:2: 111 daAuts
